 Dungeon Crawl Stone Soup version 0.28-b1-25-g9875b3fc8c (webtiles) character file.

Game seed: 778948948842758303

310 sanka the Magician (level 6, -1/46 HPs)
             Began as a Djinni Cinder Acolyte on Feb 5, 2022.
             Was an Initiate of Makhleb.
             Slain by a fire elemental (10 damage)
             ... created by the fiery vengeance of Ignis
             ... on level 4 of the Dungeon.
             The game lasted 00:05:53 (4134 turns).

sanka the Magician (Djinni Cinder Acolyte)          Turns: 4134, Time: 00:05:53

Health: -1/46      AC: 14    Str: 13    XL:     6   Next: 69%
Gold:   169        EV: 10    Int: 17    God:    Makhleb [......] SH:  0 Dex:  9

rFire   . . .      SeeInvis .   k - +0 war axe
rCold   x . .      Faith    .   (no shield)
rNeg    . . .      Spirit   .   j - +4 ring mail
rPois   ∞          Reflect  .   e - +0 helmet
rElec   .          Harm     .   (no cloak)
rCorr   .          Rampage  .   (no gloves)
Will    .....                   (boots unavailable)
Stlth   ..........              (no amulet)
HPRegen 0.15/turn               d - +4 ring of protection
MPRegen 0.00/turn               (no ring)

@: flying, fire susceptible
A: sickness immunity, fire resistance 2, cold vulnerability 1, float, innate
caster, HP casting, extra vitality 1
a: Renounce Religion


You were on level 4 of the Dungeon.
You worshipped Makhleb.
Makhleb was noncommittal.
You visited 1 branch of the dungeon, and saw 4 of its levels.

You collected 169 gold pieces.

Inventory:

Hand Weapons
 k - a +0 war axe (weapon)
Missiles
 h - a throwing net
Armour
 a - a +0 robe
 e - a +0 helmet (worn)
 j - a +4 ring mail (worn)
Magical Staves
 m - a staff of poison
Jewellery
 d - a +4 ring of protection (left hand)
 q - a ring of positive energy
 s - a ring of willpower
Wands
 n - a wand of polymorph (8)
Scrolls
 b - 6 scrolls of identify {unknown}
 c - 3 scrolls of fog {unknown}
 f - a scroll of noise {unknown}
 g - a scroll of magic mapping {unknown}
 p - a scroll of vulnerability {unknown}
 r - a scroll of enchant weapon {unknown}
 t - a scroll of blinking {unknown}
Potions
 i - 2 potions of curing {unknown}
 l - a potion of mutation {unknown}
 o - a potion of lignification {unknown}


   Skills:
 - Level 3.0 Fighting
 - Level 3.0 Unarmed Combat
 + Level 5.3 Spellcasting


You had 10 spell levels left.
You knew the following spells:

 Your Spells              Type           Power      Damage    Failure   Level
a - Scorch                Fire           44%        2d7       4%          2
b - Slow                  Hex            88%        N/A       3%          1
c - Passwall              Tmut/Erth      18%        N/A       4%          2
Your spell library was empty.

Dungeon Overview and Level Annotations

Branches:
Dungeon (4/15)
 Temple: D:4-7

Altars:
Elyvilon
Fedhas
Gozag
Makhleb

Shops:
D:2 :   D:4 *


Innate Abilities, Weirdness & Mutations

You are immune to sickness and miasma.
You are immune to poison.
Your flesh is very heat resistant. (rF++)
You are vulnerable to cold. (rC-)
You float through the air rather than walking.
You learn spells naturally, not from books.
Your magical power is your life essence.
You have superior vitality. (+4 MHP)


Message History

Makhleb accepts your kill.
You can't see any susceptible monsters within range! (Use Z to cast anyway.)
An adder comes into view.
The adder hisses angrily.
You miscast Scorch.
You are very lightly contaminated with residual magic.
Nothing appears to happen.
The adder bites you but does no damage. The adder misses you.
Flames lash the adder.
The adder is severely wounded.
The adder's fire resistance burns away.
The adder is engulfed in a cloud of scalding steam.
You kill the adder!
Makhleb accepts your kill.
You can't see any susceptible monsters within range! (Use Z to cast anyway.) Flames lash the endoplasm.
You kill the endoplasm!
Makhleb accepts your kill.
You hear a bark!
Your magical contamination has completely faded away.
You start resting. "Betrayer!
Apostate!
Perish!" 3 fire elementals come into view.
The fire elemental barely misses you.
There is a fountain of clear blue water here.
The fire elemental misses you. The fire elemental hits you.
The fire elemental burns you!
There is a fountain of clear blue water here.
The fire elemental misses you.
Found 6 gold pieces.
The fire elemental barely misses you. The fire elemental barely misses you.
The fire elemental closely misses you. The fire elemental hits you.
The fire elemental burns you! The fire elemental hits you.
The fire elemental burns you!
* * * LOW HITPOINT WARNING * * *
The fire elemental closely misses you. The fire elemental hits you.
The fire elemental burns you!
* * * LOW HITPOINT WARNING * * *
The fire elemental hits you. The fire elemental burns you!
You die...

#(#
#...........
#.##
#..##.#######
#<.# #. #..#
##.# .. #.##
#÷##. ##.# #.##
#..# #.# ##.##
#.# #°.# #@##
##○###
###.E###○..(#
##....☼.#E##.##
#......E#☼##..#
#.......○○)...#
#..§≈≈≈.≈≈≈≈..#
#..≈..(....≈..#
#..≈.≈.≈≈≈.≈..#
#..≈.≈...≈.≈..#


You could see 2 fire elementals.

Vanquished Creatures
  A centaur (D:3)
  A scorpion (D:2)
  2 orc priests (D:3)
  4 adders
  2 worms (D:4)
  A dart slug (D:1)
  5 orcs
  5 bats
  5 endoplasms
  A giant cockroach (D:3)
  5 goblins
  6 hobgoblins
  7 kobolds
  7 quokkas
  7 ball pythons
  7 frilled lizards
  3 rats (D:1)
69 creatures vanquished.

Notes
Turn   | Place    | Note
-------+----------+-------------------------------------------
     0 | D:1      | sanka the Djinni Cinder Acolyte began the quest for the
                  | Orb.
     0 | D:1      | Reached XP level 1. HP: 20/20 MP: 0/0
   437 | D:1      | Reached XP level 2. HP: 21/25 MP: 0/0
   917 | D:1      | Reached skill level 3 in Spellcasting
  1078 | D:1      | Reached XP level 3. HP: 30/30 MP: 0/0
  1078 | D:1      | Learned a level 1 spell: Slow
  1792 | D:2      | Found a faded altar of an unknown god.
  1891 | D:2      | Noticed a scorpion
  1896 | D:2      | Killed a scorpion
  1897 | D:2      | Reached skill level 4 in Spellcasting
  1897 | D:2      | Reached XP level 4. HP: 28/35 MP: 0/0
  1897 | D:2      | Reached XP level 5. HP: 32/40 MP: 0/0
  1897 | D:2      | Learned a level 2 spell: Passwall
  2073 | D:2      | Found Lyliq's Book Shop.
  2587 | D:3      | Noticed a centaur
  2767 | D:3      | Killed a centaur
  2768 | D:3      | Reached skill level 5 in Spellcasting
  2768 | D:3      | Reached XP level 6. HP: 29/46 MP: 0/0
  3589 | D:3      | Found a blossoming altar of Fedhas.
  3739 | D:3      | Found a white marble altar of Elyvilon.
  3835 | D:4      | Found a burning altar of Makhleb.
  3859 | D:4      | Fell from the grace of Ignis
  3859 | D:4      | Became a worshipper of Makhleb the Destroyer
  4056 | D:4      | Found an opulent altar of Gozag.
  4060 | D:4      | Found Gozag's Platinum Reserve.
  4103 | D:4      | Noticed a fire elemental
  4103 | D:4      | Noticed a fire elemental
  4103 | D:4      | Noticed a fire elemental
  4134 | D:4      | Slain by a fire elemental

Illustrated notes

Levels and vault maps discovered:
D:1:      dpeg_arrival_shrine, layout_loops_ring, serial_glass, glass_columns_a,
          glass_columns_a, glass_columns_c, glass_columns_a, minmay_distorted
D:2:      layout_basic, serial_shops, nicolae_shop_waterfront,
          nicolae_ecumenical_pavilion
D:3:      layout_basic, fedhas_altar_2, mainiacjoe_overflow_cross_hatched
D:4:      layout_rooms, nicolae_gozag_zags_fifth_avenue,
          mainiacjoe_overflow_concentric_impassable,
          minmay_temple_entry_offerings

Skill      XL: |  1  2  3  4  5 |
---------------+----------------+-----
Spellcasting   | 3 4 5 |  5.3
Fighting       | |  3.0
Unarmed Combat | |  3.0

Action                   |  1- 3 |  4- 6 || total
-------------------------+-------+-------++-------
Melee: Unarmed           |    81 |       ||    81
       Punch             |     1 |       ||     1
       War axe           |       |     1 ||     1
 Cast: Scorch            |    19 |    53 ||    72
Armor: Robe              |    22 |     4 ||    26
       Ring mail         |       |     9 ||     9
Dodge: Dodged            |    53 |    27 ||    80
